 Dungeon Crawl Stone Soup version 0.23-a0-32-g1388f29e54 (webtiles) character file.

132 Ablot the Charmwright (level 5, 0/43 HPs)
             Began as a Gnoll Skald on Aug 3, 2018.
             Slain by kaisn's ghost (10 damage)
             ... on level 3 of the Dungeon.
             The game lasted 00:04:44 (1733 turns).

Ablot the Charmwright (Gnoll Skald)                 Turns: 1733, Time: 00:04:44

Health: 0/43       AC:  6    Str: 15    XL:     5   Next: 15%
Magic:  7/12       EV: 14    Int: 15    God:
Gold:   86         SH:  0    Dex: 14    Spells: 3/14 levels left

rFire    x . .     SeeInvis .   a - +0 short sword
rCold    + . .     Gourm    .   (no shield)
rNeg     + . .     Faith    .   p - +2 animal skin
rPois    .         Spirit   .   q - +0 helmet
rElec    .         Reflect  .   n - +0 cloak
rCorr    .         Harm     .   (no gloves)
MR       .....                  (no boots)
Stlth    ++........             (no amulet)
HPRegen  1.14/turn              h - ring of ice
MPRegen  0.13/turn              f - ring of positive energy

@: regenerating (expiring)
A: distributed training, fangs 1, strong nose
a: no special abilities


You were on level 3 of the Dungeon.
You were hungry.

You visited 1 branch of the dungeon, and saw 3 of its levels.

You collected 86 gold pieces.

Inventory:

Hand Weapons
 a - a +0 short sword (weapon)
 m - a +2 dagger of speed
Missiles
 o - 6 arrows
Armour
 e - a +0 scale mail of poison resistance
 n - a +0 cloak (worn)
 p - a +2 animal skin (worn)
 q - a +0 helmet (worn)
Jewellery
 f - a ring of positive energy (right hand)
 h - a ring of ice (left hand)
Scrolls
 c - 2 scrolls of identify {unknown}
 g - a scroll of magic mapping {unknown}
 j - a scroll of remove curse {unknown}
 k - a scroll of teleportation {unknown}
 l - 3 scrolls of fog {unknown}
Potions
 b - a potion of haste {unknown}
Comestibles
 d - 6 rations
 i - 22 chunks of flesh


   Skills:
 + Level 4.7 Fighting
 + Level 4.7 Short Blades
 + Level 1.3 Long Blades
 + Level 1.3 Axes
 + Level 1.3 Maces & Flails
 + Level 1.3 Polearms
 + Level 1.3 Staves
 + Level 1.3 Slings
 + Level 1.3 Bows
 + Level 1.3 Crossbows
 + Level 1.3 Throwing
 + Level 2.9 Armour
 + Level 4.7 Dodging
 + Level 1.3 Stealth
 + Level 1.3 Shields
 + Level 1.3 Unarmed Combat
 + Level 5.1 Spellcasting
 + Level 1.1 Conjurations
 + Level 1.1 Hexes
 + Level 5.5 Charms
 + Level 1.1 Summonings
 + Level 1.1 Necromancy
 + Level 1.1 Translocations
 + Level 1.1 Transmutations
 + Level 1.1 Fire Magic
 + Level 1.1 Ice Magic
 + Level 1.1 Air Magic
 + Level 1.1 Earth Magic
 + Level 1.1 Poison Magic
 + Level 1.5 Invocations
 + Level 1.3 Evocations


You had 3 spell levels left.
You knew the following spells:

 Your Spells              Type           Power        Failure   Level  Hunger
a - Infusion              Chrm           ###.         1%          1    None
b - Song of Slaying       Chrm           ###.....     2%          2    ##.....
c - Shroud of Golubria    Chrm/Tloc      ##........   6%          2    ##.....
d - Regeneration          Chrm/Necr      ##........   12%         3    ###....
e - Spectral Weapon       Hex/Chrm       ##......     12%         3    ###....

Your spell library contained the following spells:

 Spells                   Type           Power        Failure   Level  Hunger


Dungeon Overview and Level Annotations

Branches:
Dungeon (3/15)

Altars:

Annotations:
D:3 kaisn's ghost, amateur FoFi


Innate Abilities, Weirdness & Mutations

Your experience applies equally to all skills.
You have very sharp teeth.
Your uncanny sense of smell can sniff out nearby items.


Message History

You hit kaisn's ghost.
Kaisn's ghost is heavily damaged.
Your spectral weapon hits kaisn's ghost.
Kaisn's ghost hits your spectral weapon!
Your spectral weapon shares its damage with you!
The adder simulacrum bites your spectral weapon but does no damage.
Unknown command.
You hit kaisn's ghost.
Kaisn's ghost is severely damaged.
Your skin is crawling a little less now.
Your spectral weapon hits kaisn's ghost but does no damage.
The adder simulacrum barely misses your spectral weapon.
Kaisn's ghost hits you!
* * * LOW HITPOINT WARNING * * *
You hit kaisn's ghost.
Kaisn's ghost is severely damaged.
Your spectral weapon hits kaisn's ghost but does no damage.
The adder simulacrum misses your spectral weapon.
Kaisn's ghost hits you!
You die...

#. ##..........####.
.. ..........###..
.#........#....
###.#..........#.#
...#........###. ###..
...... #.# ##.#####
..... .##.#
#......###...# ....#
##.(@.....##..# ..#
#.ZW###....##.# #.. ∆
#..Z$.##....#.#####.#
##.?...#....#.......#
#.....##...'........
.#...=.$#...'......##
.##.#...[#...'......>.
.. ..
...##...#..###..# ..
.. #.##....#..# ...#


You could see kaisn's ghost, an adder simulacrum, a hound simulacrum and a
friendly spectral short sword.

Vanquished Creatures
  Robin (D:3)
  4 gnolls (D:2)
  2 adders (D:2)
  A dart slug (D:3)
  A leopard gecko (D:3)
  5 orcs (D:3)
  4 bats
  13 goblins
  8 hobgoblins
  5 kobolds
  2 quokkas
  2 ball pythons (D:2)
  3 frilled lizards
  A quokka simulacrum (D:3)
  5 rats
57 creatures vanquished.

Notes
Turn   | Place    | Note
-------+----------+-------------------------------------------
     0 | D:1      | Ablot the Gnoll Skald began the quest for the Orb.
     0 | D:1      | Reached XP level 1. HP: 20/20 MP: 6/6
   285 | D:1      | Reached XP level 2. HP: 26/26 MP: 7/7
   289 | D:1      | Learned a level 2 spell: Song of Slaying
   292 | D:1      | Learned a level 2 spell: Shroud of Golubria
   778 | D:2      | Reached skill level 5 in Spellcasting
   778 | D:2      | Reached XP level 3. HP: 21/31 MP: 7/9
   786 | D:2      | Reached skill level 1 in Invocations
   802 | D:2      | Learned a level 3 spell: Regeneration
   806 | D:2      | Learned a level 3 spell: Spectral Weapon
   944 | D:2      | Reached skill level 1 in Long Blades
   944 | D:2      | Reached skill level 1 in Axes
   944 | D:2      | Reached skill level 1 in Maces & Flails
   944 | D:2      | Reached skill level 1 in Polearms
   944 | D:2      | Reached skill level 1 in Staves
   944 | D:2      | Reached skill level 1 in Slings
   944 | D:2      | Reached skill level 1 in Bows
   944 | D:2      | Reached skill level 1 in Crossbows
   944 | D:2      | Reached skill level 1 in Throwing
   944 | D:2      | Reached skill level 1 in Stealth
   944 | D:2      | Reached skill level 1 in Shields
   944 | D:2      | Reached skill level 1 in Unarmed Combat
   944 | D:2      | Reached skill level 1 in Evocations
  1028 | D:2      | Reached XP level 4. HP: 32/38 MP: 11/11
  1496 | D:3      | Reached skill level 1 in Conjurations
  1496 | D:3      | Reached skill level 1 in Hexes
  1496 | D:3      | Reached skill level 1 in Summonings
  1496 | D:3      | Reached skill level 1 in Necromancy
  1496 | D:3      | Reached skill level 1 in Translocations
  1496 | D:3      | Reached skill level 1 in Transmutations
  1496 | D:3      | Reached skill level 1 in Fire Magic
  1496 | D:3      | Reached skill level 1 in Ice Magic
  1496 | D:3      | Reached skill level 1 in Air Magic
  1496 | D:3      | Reached skill level 1 in Earth Magic
  1496 | D:3      | Reached skill level 1 in Poison Magic
  1545 | D:3      | Noticed Robin
  1579 | D:3      | Killed Robin
  1579 | D:3      | Reached XP level 5. HP: 43/43 MP: 1/12
  1676 | D:3      | Found a runed gate.
  1676 | D:3      | Found a runed gate.
  1676 | D:3      | Found a runed gate.
  1718 | D:3      | Noticed kaisn's ghost (amateur FoFi)
  1733 | D:3      | Slain by kaisn's ghost

Vault maps used:
D:1:      saegor_arrival_simple_a
D:2:      lemuel_upstairs_altar, first_ration
D:3:      gammafunk_ghost_icy, fedhas_altar_2, uniq_robin, uniq_sigmund

Skill      XL: |  1  2  3  4 |
---------------+-------------+-----
Spellcasting   | 5 |  5.1
Invocations    | 1 |  1.5
Long Blades    | 1 |  1.3
Axes           | 1 |  1.3
Maces & Flails | 1 |  1.3
Polearms       | 1 |  1.3
Staves         | 1 |  1.3
Slings         | 1 |  1.3
Bows           | 1 |  1.3
Crossbows      | 1 |  1.3
Throwing       | 1 |  1.3
Stealth        | 1 |  1.3
Shields        | 1 |  1.3
Unarmed Combat | 1 |  1.3
Evocations     | 1 |  1.3
Conjurations   | 1 |  1.1
Hexes          | 1 |  1.1
Summonings     | 1 |  1.1
Necromancy     | 1 |  1.1
Translocations | 1 |  1.1
Transmutations | 1 |  1.1
Fire Magic     | 1 |  1.1
Ice Magic      | 1 |  1.1
Air Magic      | 1 |  1.1
Earth Magic    | 1 |  1.1
Poison Magic   | 1 |  1.1
Fighting       | |  4.7
Short Blades   | |  4.7
Armour         | |  2.9
Dodging        | |  4.7
Charms         | |  5.5

Action                   |  1- 3 |  4- 6 || total
-------------------------+-------+-------++-------
Melee: Short sword       |    81 |    86 ||   167
       Bite              |     8 |     5 ||    13
 Cast: Regeneration      |     2 |     1 ||     3
       Infusion          |     1 |       ||     1
       Spectral Weapon   |       |     6 ||     6
       Shroud of Golubri |       |     3 ||     3
       Song of Slaying   |       |     2 ||     2
  Eat: Chunk             |     1 |     2 ||     3
Armor: Leather armour    |    15 |    12 ||    27
       Animal skin       |       |     3 ||     3
Dodge: Dodged            |    50 |    45 ||    95

Table legend:
 A = Spawn XP
 B = Non-spawn XP
 C = Spawn XP percentage of total XP
 D = Spawn monster count
 E = Non-spawn monster count
 F = Spawn count percentage of total count
 G = Total turns spent on level
                    A         B        C        D         E        F      G
               +---------+---------+-------+---------+---------+-------+---------
         Total |       0 |     189 |   0.0 |       0 |      57 |   0.0 |  1733
               +---------+---------+-------+---------+---------+-------+---------
           D:1 |       0 |      16 |   0.0 |       0 |      10 |   0.0 |   643
           D:2 |       0 |     104 |   0.0 |       0 |      20 |   0.0 |   808
           D:3 |       0 |      69 |   0.0 |       0 |      27 |   0.0 |   282
               +---------+---------+-------+---------+---------+-------+---------
